 Dungeon Sprint DCSS version 0.29-a0-1006-g0dd7720b37 (webtiles) character file.

Game seed: 15447767800964622143

1364 wilfster70 the Cleaver (level 8, -4/79 HPs)
             Began as a Minotaur Fighter on Aug 6, 2022.
             Was an Initiate of Gozag.
             Slain by a shadow (9 damage)
             ... in the Dungeon (Sprint IX: "|||||||||||||||||||||||||||||").
             The game lasted 00:02:01 (552 turns).

wilfster70 the Cleaver (Minotaur Fighter)            Turns: 552, Time: 00:02:01

Health: -4/79      AC: 10    Str: 25    XL:     8   Next: 38%
Magic:  7/7        EV: 11    Int:  8    God:    Gozag
Gold:   531        SH:  6    Dex: 11    Spells: 7/7 levels left

rFire   . . .      SeeInvis .   a - +3 war axe (vorpal)
rCold   . . .      Faith    .   c - +0 buckler
rNeg    . . .      Spirit   .   p - +1 chain mail
rPois   .          Reflect  .   (helmet restricted)
rElec   .          Harm     .   (no cloak)
rCorr   .          Rampage  .   (no gloves)
Will    .....      NoTele   +   o - +0 pair of boots
Stlth   ..........              (no amulet)
HPRegen 0.23/turn               q - +3 ring of intelligence
MPRegen 0.10/turn               r - +3 ring of strength

@: corroded, gold aura, on berserk cooldown, slowed, very slow
A: horns 2, retaliatory headbutt
a: Renounce Religion, Potion Petition, Call Merchant, Bribe Branch


You were in the Dungeon.
You worshipped Gozag.
Gozag was pleased with you.
You visited 1 branch You collected 531 gold pieces.

Inventory:

Hand Weapons
 a - a +3 vorpal war axe (weapon)
 b - a +2 rapier of venom
Armour
 c - a +0 buckler (worn)
 n - a +0 scale mail
 o - a +0 pair of boots (worn)
 p - a +1 chain mail (worn)
Jewellery
 q - a +3 ring of intelligence (left hand)
 r - a +3 ring of strength (right hand)
Wands
 m - a wand of acid (10)
Scrolls
 j - 2 scrolls of blinking
 l - 2 scrolls of amnesia
Potions
 d - a potion of might
 e - 5 potions of curing
 f - a potion of invisibility
 g - a potion of haste
 h - 4 potions of magic
 k - a potion of heal wounds


   Skills:
 + Level 9.9 Fighting
 * Level 13.2 Axes
 + Level 9.8 Armour
 + Level 8.2 Dodging
 + Level 9.8 Shields


You had 7 spell levels left.
You didn't know any spells.
Your spell library was empty.

Dungeon Overview and Level Annotations

Branches:
Dungeon (1/1)

Altars:
Cheibriados
Dithmenos
Elyvilon
Fedhas
Gozag
Hepliaklqana
Kikubaaqudgha
Makhleb
Nemelex Xobeh
Okawaru
Qazlal
Ru
Sif Muna
Trog
Uskayaw
Vehumet
Wu Jian
Xom
Yredelemnul
Zin
The Shining One
Jiyva
Lugonu


Innate Abilities, Weirdness & Mutations

You have a pair of horns on your head.
You reflexively headbutt those who attack you in melee.


Message History

You have reached level 8!
You feel agile. You block the gargoyle's attack.
You see here 135 gold pieces.
You hit the gargoyle.
You headbutt the gargoyle, but do no damage.
The gargoyle is moderately damaged.
The gargoyle hits you with a +0 dire flail.
* * * LOW HITPOINT WARNING * * *
You hit the gargoyle. You headbutt the gargoyle.
The gargoyle is heavily damaged.
You barely miss the gargoyle. You headbutt the gargoyle.
The gargoyle is severely damaged.
The gargoyle barely misses you.
You slash the gargoyle!
You destroy the gargoyle!
Your Axes skill increases to level 13!
Your Dodging skill increases to level 8!
The shadow is distracted by your dazzling golden aura.
Things that are here:
63 gold pieces; a +0 dire flail You barely miss the shadow.
The shadow is no longer distracted by gold.
The shadow hits you.
* * * LOW HITPOINT WARNING * * *
You barely miss the shadow.
You are no longer berserk.
You are exhausted.
You feel yourself slow down.
You hit the shadow.
The shadow is lightly damaged.
The shadow hits you!
* * * LOW HITPOINT WARNING * * *
You barely miss the shadow. You headbutt the shadow.
The shadow is moderately damaged.
The shadow hits you!
* * * LOW HITPOINT WARNING * * *
The shadow hits you!
You die...
Your body crumbles into a pile of gold. ▓▓▓▓▓▓▓▓▓▓▓▓▓▓▓▓▓▓▓▓▓ ..[...)))....'$$@WlC+ ▓▓▓▓▓▓▓▓▓▓▓▓▓▓▓▓▓▓▓▓▓ $ $ $ $ $ $$$$$

You could see a cyclops, a basilisk and a shadow.

Vanquished Creatures
  A manticore (D)
  A gargoyle (D)
  A wraith (D)
  An acid dragon (D)
  An orc warrior (D)
  2 centaurs (D)
  A wight (D)
  3 hounds (D)
  An orc priest (D)
  An adder (D)
  A worm (D)
  A dart slug (D)
  A goblin (D)
  A hobgoblin (D)
  A kobold (D)
  A ball python (D)
19 creatures vanquished.

Notes
Turn   | Place    | Note
-------+----------+-------------------------------------------
     0 | D        | wilfster70 the Minotaur Fighter began the quest for the
                  | Orb.
     0 | D        | Reached XP level 1. HP: 19/19 MP: 0/0
     9 | D        | Reached skill level 3 in Axes
     9 | D        | Reached skill level 1 in Dodging
    52 | D        | Noticed a hound
    52 | D        | Noticed a hound
    52 | D        | Noticed a hound
    66 | D        | HP: 1/20 [hound (3)]
    69 | D        | Killed a hound
    70 | D        | Reached skill level 5 in Axes
    70 | D        | Reached XP level 2. HP: 24/28 MP: 1/1
    70 | D        | Reached XP level 3. HP: 30/34 MP: 2/2
    78 | D        | Reached skill level 5 in Fighting
    78 | D        | Reached skill level 6 in Axes
    78 | D        | Reached skill level 5 in Armour
    78 | D        | Reached skill level 5 in Shields
    78 | D        | Reached XP level 4. HP: 31/42 MP: 3/3
   177 | D        | Found a snail-covered altar of Cheibriados.
   177 | D        | Found a shadowy altar of Dithmenos.
   177 | D        | Found a white marble altar of Elyvilon.
   177 | D        | Found a blossoming altar of Fedhas.
   177 | D        | Found an opulent altar of Gozag.
   178 | D        | Found a hazy altar of Hepliaklqana.
   179 | D        | Found a viscous altar of Jiyva.
   180 | D        | Found an ancient bone altar of Kikubaaqudgha.
   181 | D        | Found a corrupted altar of Lugonu.
   182 | D        | Found a burning altar of Makhleb.
   183 | D        | Found a sparkling altar of Nemelex Xobeh.
   184 | D        | Found an iron altar of Okawaru.
   185 | D        | Became a worshipper of Gozag Ym Sagoz the Greedy
   186 | D        | Found a stormy altar of Qazlal.
   187 | D        | Found a sacrificial altar of Ru.
   188 | D        | Found a shimmering blue altar of Sif Muna.
   189 | D        | Found a bloodstained altar of Trog.
   190 | D        | Found a hide-covered altar of Uskayaw.
   191 | D        | Found a radiant altar of Vehumet.
   192 | D        | Found an ornate altar of the Wu Jian Council.
   193 | D        | Found a shimmering altar of Xom.
   194 | D        | Found a basalt altar of Yredelemnul.
   195 | D        | Found a glowing silver altar of Zin.
   196 | D        | Found a glowing golden altar of the Shining One.
   246 | D        | Noticed a centaur
   246 | D        | Noticed a centaur
   246 | D        | Noticed a wraith
   246 | D        | Noticed an orc warrior
   249 | D        | Killed a centaur
   250 | D        | Reached skill level 8 in Axes
   250 | D        | Reached XP level 5. HP: 39/51 MP: 4/4
   260 | D        | Killed a centaur
   261 | D        | Reached skill level 9 in Axes
   261 | D        | Reached skill level 5 in Dodging
   261 | D        | Reached XP level 6. HP: 39/60 MP: 5/5
   268 | D        | Killed a wraith
   269 | D        | Reached skill level 10 in Axes
   271 | D        | Killed an orc warrior
   272 | D        | Reached XP level 7. HP: 14/68 MP: 6/6
   274 | D        | Reached skill level 11 in Axes
   532 | D        | Noticed a manticore
   532 | D        | Noticed a gargoyle
   532 | D        | Noticed a shadow
   532 | D        | Noticed a basilisk
   532 | D        | Noticed a cyclops
   540 | D        | Killed a manticore
   541 | D        | Reached skill level 12 in Axes
   543 | D        | Reached XP level 8. HP: 37/78 MP: 7/7
   547 | D        | Killed a gargoyle
   548 | D        | Reached skill level 13 in Axes
   552 | D        | Slain by a shadow

Illustrated notes

Levels and vault maps discovered:
D:        linesprint [early_d, line_temple, items_1, d_10, items_2, lair_1,
          lair_end, items_3, orc_1, orc_end, items_4, d_15, swamp_1, shoals_1,
          snake_1, spider_1, d_20, vaults_1, items_5, swamp_end, shoals_end,
          snake_end, spider_end, vaults_end, d_27, items_6, zot_1, zot_end,
          crypt_end, forest_end, elf_end, slime_end, tomb_end, abyss_end,
          pan_hell_end]

Skill      XL: |  1  2  3  4  5  6  7  8 |
---------------+-------------------------+-----
Axes           | 5 6 8 9 10 12 13 | 13.2
Dodging        | 2 3 4 5 6 7 8 |  8.2
Fighting       | 4 5 6 7 8 9 |  9.9
Armour         | 4 5 6 7 8 9 |  9.8
Shields        | 4 5 6 7 8 9 |  9.8

Action                   |  1- 3 |  4- 6 |  7- 9 || total
-------------------------+-------+-------+-------++-------
Melee: War axe           |    33 |    26 |    17 ||    76
       Headbutt          |     5 |     1 |     7 ||    13
  Use: Potion            |     1 |     1 |     1 ||     3
Armor: Scale mail        |    16 |     2 |       ||    18
       Chain mail        |       |    10 |     3 ||    13
Dodge: Dodged            |    15 |    15 |     8 ||    38
Block: Buckler           |     5 |     6 |     4 ||    15

Table legend: (Time is in decaauts)
 A = Elapsed time spent in this place.
 B = Non-inter-level travel time spent in this place.
 C = Inter-level travel time spent in this place.
 D = Time resting spent in this place.
 E = Time spent auto-exploring this place.
 F = Levels seen in this place.
 G = Mean time per level.
                   A        B        C        D        E       F      G
               +--------+--------+--------+--------+--------+-----+--------+
         Total |    569 |    569 |      0 |    369 |      0 |   1 |  569.0 |
       Dungeon |    569 |    569 |      0 |    369 |      0 |   1 |  569.0 |
               +--------+--------+--------+--------+--------+-----+--------+

Top non-repeatable levels by time:
       D: 569 daAuts
